 Dungeon Crawl Stone Soup version 0.26.1-11-gd32895ea62 (webtiles) character file.

Game seed: 2208717183529561930

7 rad the Caller (level 1, 0/16 HPs)
             Began as a Troll Summoner on May 31, 2021.
             Slain by a rat (2 damage)
             ... on level 1 of the Dungeon.
             The game lasted 00:03:23 (252 turns).

rad the Caller (Troll Summoner)                      Turns: 252, Time: 00:03:23

Health: 0/16       AC:  6    Str: 15    XL:     1   Next: 91%
Magic:  1/1        EV: 10    Int: 11    God:
Gold:   10         SH:  0    Dex: 10    Spells: 1/2 levels left

rFire    . . .     SeeInvis .   (no weapon)
rCold    . . .     Faith    .   (no shield)
rNeg     . . .     Spirit   .   a - +0 robe
rPois    .         Reflect  .   (helmet restricted)
rElec    .         Harm     .   (no cloak)
rCorr    .         Rampage  .   (gloves unavailable)
Will     .....                  (boots unavailable)
Stlth    +.........             (no amulet)
HPRegen  0.45/turn              (no ring)
MPRegen  0.07/turn              (no ring)

@: no status effects
A: large, unfitting armour, claws 3, regeneration 1, shaggy fur 1, tough skin 3
a: no special abilities


You were on level 1 of the Dungeon.
You visited 1 branch of the dungeon, and saw 1 of its levels.

You collected 10 gold pieces.

Inventory:

Armour
 a - a +0 robe (worn)
Scrolls
 b - a scroll of remove curse {unknown}
Potions
 c - a potion of haste {unknown}


   Skills:
 + Level 1.6 Dodging
 + Level 1.0 Stealth
 + Level 0.2 Unarmed Combat
 + Level 1.3 Spellcasting
 + Level 3.1 Summonings


You had one spell level left.
You knew the following spells:

 Your Spells              Type           Power        Failure   Level
a - Summon Small Mammal   Summ           28%          9%          1

Your spell library contained the following spells:

 Spells                   Type           Power        Failure   Level
 Call Imp                 Summ           7%           13%         2
 Call Canine Familiar     Summ           7%           26%         3
 Summon Guardian Golem    Hex/Summ       4%           45%         3
 Summon Ice Beast         Ice/Summ       4%           86%         4
 Summon Lightning Spire   Summ/Air       4%           86%         4


Dungeon Overview and Level Annotations

Branches:
Dungeon (1/15)

Altars:


Innate Abilities, Weirdness & Mutations

You are too large for most types of armour.
You have claws for hands.
Your natural rate of healing is unusually fast.
You are covered in fur. (AC +1)
You have extremely tough skin. (AC +3)


Message History

The rat bites you. The rat bites you. The giant cockroach closely misses you.
The giant cockroach misses you. The rat closely misses you.
The giant cockroach closely misses you. The rat barely misses you. x2
The kobold hits you but does no damage. The giant cockroach bites you.
The kobold barely misses you. The hobgoblin hits you with a +0 whip.
The kobold misses you. The hobgoblin closely misses you. The kobold hits you.
* * * LOW HITPOINT WARNING * * *
The hobgoblin hits you with a +0 whip.
* * * LOW HITPOINT WARNING * * *
The giant cockroach closely misses you. The giant cockroach closely misses you.
The hobgoblin hits you but does no damage.
The kobold closely misses you.
The giant cockroach bites you but does no damage.
The rat bites you.
You die...

...# ...#
############...#
#..............#.
+.........(......
#............###### #
+............+... .## ###
#............#..# #.. ..#
#......r@....#..###.###.#
#......BgK...#..........#
#............#..###.###.#
#......r...........)....#
#...............###.###.#
##############.## #.[....
...# ####### #####


You could see a giant cockroach, a hobgoblin, a kobold and 2 rats.

Vanquished Creatures
  2 goblins (D:1)
  2 jackals (D:1)
  2 frilled lizards (D:1)
  A kobold (D:1)
7 creatures vanquished.

Vanquished Creatures (others)
  5 plants (D:1)
5 creatures vanquished.

Grand Total: 12 creatures vanquished

Notes
Turn   | Place    | Note
-------+----------+-------------------------------------------
     0 | D:1      | rad the Troll Summoner began the quest for the Orb.
     0 | D:1      | Reached XP level 1. HP: 16/16 MP: 1/1
   124 | D:1      | Reached skill level 3 in Summonings
   252 | D:1      | Slain by a rat

Illustrated notes

Levels and vault maps discovered:
D:1:      lightli_arrival_flooded_house, layout_basic, minmay_small_reverse_x

Skill      XL: |  1 |
---------------+----+-----
Summonings     | 3 |  3.1
Dodging        | |  1.6
Stealth        | |  1.0
Unarmed Combat | |  0.2
Spellcasting   | |  1.3

Action                   || total
-------------------------++-------
Melee: Unarmed           ||    46
 Stab: Sleeping          ||     1
Armor: Robe              ||    24
Dodge: Dodged            ||    32
